AoeStats
← Chiripa605

Hill Fort

505271228Analyzed
4v4 RM · 24d ago on Sep 8, 2026· 45m 59s· 8 players
Game mode
Random Map
Map size
Large (8 player)
Population
200
Speed
Normal
Resources
Standard
Victory
Conquest
Starting age
Dark Age
Ending age
Imperial Age
RankedLock teamsTeams togetherTeam positionsShared explorationLock speedFull tech treeHidden civsTurbo modeCheats
Victory
Defeat
🇹🇼 Dravidians · Taiwan
1232
+13
🇲🇽 Franks · Mexico
1221
+13
🇮🇳 Japanese · India
1177
+15
🇬🇧 Magyars · United Kingdom
1108
+17
🇺🇸 Wei · United States
1188
-16
🇦🇷 Persians · Argentina
1165
-15
🇩🇪 Mongols · Germany
1134
-14
🇪🇸 Celts · Spain
1121
-13
SuDD3R
9:50 Feudal Age
9:59 Loom
11:14 Double-Bit Axe
16:06 Castle Age
15:41 Horse Collar
17:30 Bow Saw
18:07 Heavy Plow
19:05 Gold Mining
21:37 Fletching
24:12 Bodkin Arrow
28:02 Ballistics
28:59 Bloodlines
28:49 Husbandry
29:08 Stone Mining
33:16 Gold Shaft Mining
34:07 Wheelbarrow
36:04 Imperial Age
33:51 Padded Archer Armor
35:35 Leather Archer Armor
36:13 Hand Cart
35:43 Light Cavalry
37:23 Murder Holes
37:55 Elite Mangudai
39:06 Bracer
41:55 Conscription
42:06 Conscription
42:32 Drill
42:52 Drill
42:00 Capped Ram
44:05 Chemistry
44:12 Stone Shaft Mining
43:56 Hussar
44:48 Scale Barding Armor
44:53 Forging
44:44 Siege Ram
FY_Radik
2:34 Loom
11:55 Feudal Age
17:17 Castle Age
16:28 Double-Bit Axe
16:26 Horse Collar
17:45 Forging
20:40 Scale Mail Armor
20:09 Pikeman
23:57 Chain Mail Armor
Chiripa605
11:27 Feudal Age
15:32 Castle Age
13:23 Double-Bit Axe
13:52 Horse Collar
14:08 Loom
15:01 Gold Mining
16:35 Bow Saw
20:10 Bloodlines
22:08 Scale Barding Armor
22:53 Heavy Plow
25:09 Chain Barding Armor
26:11 Wheelbarrow
26:30 Gold Shaft Mining
26:19 Husbandry
29:43 Hand Cart
30:46 Stone Mining
33:29 Forging
34:33 Stone Shaft Mining
35:37 Devotion
36:39 Iron Casting
40:29 Imperial Age
38:36 Fletching
39:41 Bodkin Arrow
40:50 Heavy Hei Guang Cavalry
41:54 Conscription
43:35 Blast Furnace
GranateCampeón
9:10 Feudal Age
9:33 Double-Bit Axe
9:29 Horse Collar
13:17 Wheelbarrow
17:57 Castle Age
18:07 Gold Mining
18:24 Heavy Plow
18:34 Bow Saw
19:53 Loom
22:41 Town Watch
23:16 Hand Cart
23:34 Stone Mining
29:37 Stone Shaft Mining
31:19 Gold Shaft Mining
31:45 Bloodlines
31:36 Husbandry
32:01 Forging
31:57 Scale Barding Armor
33:16 Fletching
36:22 Imperial Age
34:00 Bodkin Arrow
35:41 Chain Barding Armor
35:57 Iron Casting
35:42 Chain Barding Armor
36:05 Iron Casting
37:11 Conscription
36:24 Heavy Scorpion
38:46 Blast Furnace
38:21 Plate Barding Armor
38:46 Blast Furnace
37:27 Heavy Camel Rider
40:00 Two-Man Saw
40:24 Plate Barding Armor
40:36 Crop Rotation
40:14 Light Cavalry
41:47 Ballistics
42:27 Chemistry
41:38 Masonry
41:24 Murder Holes
45:22 Hoardings
45:02 Citadels
44:39 Capped Ram
BGz x LH
3:44 Loom
11:27 Feudal Age
17:42 Castle Age
15:49 Double-Bit Axe
16:03 Horse Collar
20:02 Bow Saw
20:29 Heavy Plow
21:31 Gold Mining
30:35 Wheelbarrow
32:35 Hand Cart
33:13 Fletching
33:26 Padded Archer Armor
34:43 Bodkin Arrow
35:04 Leather Archer Armor
34:58 Thumb Ring
36:33 Ballistics
40:55 Imperial Age
38:40 Murder Holes
41:35 Recurve Bow
41:57 Conscription
41:38 Bracer
42:08 Ring Archer Armor
41:06 Heavy Cavalry Archer
42:12 Parthian Tactics
42:42 Gold Shaft Mining
45:37 Chemistry
44:43 Siege Engineers
[BuluC]Not_the_Viper
10:03 Feudal Age
9:16 Loom
10:44 Double-Bit Axe
17:13 Castle Age
15:49 Gold Mining
17:00 Wheelbarrow
19:06 Scale Barding Armor
19:12 Forging
19:23 Bow Saw
20:23 Chain Barding Armor
21:17 Husbandry
22:32 Iron Casting
30:59 Gold Shaft Mining
30:20 Stone Mining
32:07 Town Watch
41:50 Imperial Age
39:37 Hand Cart
40:21 Gold Shaft Mining
41:59 Cavalier
42:01 Light Cavalry
43:18 Plate Barding Armor
43:44 Blast Furnace
43:09 Conscription
43:00 Chivalry
43:23 Paladin
43:57 Fletching
44:07 Padded Archer Armor
44:08 Scale Mail Armor
Enver Pasha
11:01 Feudal Age
16:19 Castle Age
14:50 Horse Collar
14:59 Double-Bit Axe
16:03 Arson
16:30 Forging
16:41 Loom
17:18 Bow Saw
17:23 Squires
18:56 Scale Mail Armor
19:24 Pikeman
25:38 Iron Casting
26:37 Chain Mail Armor
39:41 Imperial Age
40:55 Wheelbarrow
40:07 Town Watch
40:24 Fletching
40:24 Halberdier
41:06 Bodkin Arrow
42:11 Blast Furnace
42:29 Two-Man Saw
41:20 Gold Mining
42:19 Plate Mail Armor
44:33 Bracer
44:31 Stone Mining
45:01 Padded Archer Armor
qwerasdfzxcv110
11:11 Feudal Age
12:36 Fishing Lines
13:29 Fishing Lines
20:33 Castle Age
19:15 Double-Bit Axe
20:02 Gold Mining
29:21 Ballistics
29:08 Gillnets
29:29 Loom
30:24 Fletching
30:34 Padded Archer Armor
31:12 Wheelbarrow
32:22 Bodkin Arrow
32:42 Leather Archer Armor
32:39 Husbandry
38:08 Imperial Age
35:54 Hand Cart
37:14 Medical Corps
38:10 Elite Elephant Archer
40:16 Conscription
39:58 Murder Holes
40:28 Stone Mining
41:59 Bracer
42:30 Ring Archer Armor
43:33 Chemistry
45:49 Bow Saw
Connection lost

Rejoining the realm…

Still unreachable

The connection could not be restored.

Session expired

The server has moved on; the page needs a fresh start.